 Dungeon Crawl Stone Soup version 0.29-a0-356-g7bc237e783 (webtiles) character file.

Game seed: 13281907469244331716

831 spaghetti the Shooter (level 7, -12/53 HPs)
             Began as a Demigod Hunter on Apr 26, 2022.
             Mangled by an ogre
             ... wielding a +0 giant spiked club
              (35 damage)
             ... on level 5 of the Dungeon.
             The game lasted 00:07:22 (4283 turns).

spaghetti the Shooter (Demigod Hunter)              Turns: 4283, Time: 00:07:23

Health: -12/53     AC:  4    Str:  7    XL:     7   Next: 38%
Magic:  9/9        EV: 16    Int: 18    God:
Gold:   142        SH:  0    Dex: 25    Spells: 2/6 levels left

rFire   . . .      SeeInvis +   t - +2 shortbow (vorpal) {bow}
rCold   . . .      Faith    .   (shield currently unavailable)
rNeg    . . .      Spirit   .   b - +0 leather armour
rPois   +          Reflect  .   h - +0 helmet
rElec   +          Harm     .   o - +0 cloak
rCorr   .          Rampage  .   (no gloves)
Will    .....                   g - +0 pair of boots
Stlth   ++........              (no amulet)
HPRegen 0.17/turn               u - ring of see invisible
MPRegen 0.11/turn               r - ring "Evapaobb" {rElec rPois Str-5 Int+7 SInv}

@: no status effects
A: high MP 1, forlorn, divine attributes, deformed body
a: no special abilities


You were on level 5 of the Dungeon.
You visited 1 branch of the dungeon, and saw 5 of its levels.

You collected 142 gold pieces.


Innate Abilities, Weirdness & Mutations

You have an increased reservoir of magic. (+10% MP)
You shall have no god before yourself.
Your divine heritage dramatically boosts your attributes as you level up.
Armour fits poorly on your strangely shaped body.


   Skills:
 - Level 1.7 Fighting
 + Level 6.3 Bows
 * Level 6.0 Dodging
 - Level 0.8 Stealth
 + Level 1.4 Necromancy


You had 2 spell levels left.
You knew the following spells:

 Your Spells              Type           Power      Damage    Failure   Level
a - Animate Dead          Necr           2%         N/A       88%         4

Your spell library contained the following spells:

 Spells                   Type           Power      Damage    Failure   Level
 Animate Skeleton         Necr           10%        N/A       19%         1
 Sublimation of Blood     Necr           5%         N/A       28%         2
 Apportation              Tloc           0%         N/A       32%         1
 Beastly Appendage        Tmut           0%         N/A       32%         1
 Summon Small Mammal      Summ           0%         N/A       32%         1
 Wereblood                Tmut           0%         N/A       45%         2
 Ignite Poison            Fire/Tmut/Pois 0%         N/A       69%         3
 Mephitic Cloud           Conj/Pois/Air  0%         N/A       69%         3
 Spider Form              Tmut/Pois      0%         N/A       69%         3
 Petrify                  Tmut/Erth      0%         N/A       97%         4
 Freezing Cloud           Conj/Ice/Air   0%         6-21      100%        5
 Metabolic Englaciation   Hex/Ice        0%         N/A       100%        5
 Statue Form              Tmut/Erth      0%         N/A       100%        6
 Haunt                    Necr/Summ      1%         N/A       100%        7
 Summon Hydra             Summ           0%         N/A       100%        7
 Infestation              Necr           2%         N/A       100%        8

Inventory:

Hand Weapons
 a - a +3 shortbow {bow}
 t - a +2 vorpal shortbow (weapon) {bow}
   (You took it off a centaur on level 5 of the Dungeon)
 y - a +2 falchion of flaming {long}
   (You found it on level 4 of the Dungeon)
Missiles
 d - 93 stones {throwing}
 i - 4 poisoned darts {throwing}
 j - 3 curare-tipped darts {=fthrowing}
Armour
 b - a +0 leather armour (worn)
 g - a +0 pair of boots (worn)
   (You found it on level 5 of the Dungeon)
 h - a +0 helmet (worn)
   (You found it on level 4 of the Dungeon)
 o - a +0 cloak (worn)
   (You found it on level 4 of the Dungeon)
 w - the +0 plate armour of Somewhere Else {rF+ rC+}
   (You found it on level 5 of the Dungeon)

   rF:        It protects you from fire.
   rC:        It protects you from cold.
Magical Staves
 n - a staff of poison {!astaff}
   (You found it on level 2 of the Dungeon)
Jewellery
 k - a ring of positive energy
   (You found it on level 1 of the Dungeon)
 r - the ring "Evapaobb" (right hand) {rElec rPois Str-5 Int+7 SInv}
   (You found it on level 5 of the Dungeon)

   [ring of poison resistance]

   Str:       It affects your strength (-5).
   Int:       It affects your intelligence (+7).
   rElec:     It insulates you from electricity.
   rPois:     It protects you from poison.
   SInv:      It lets you see invisible.
 u - a ring of see invisible (left hand)
   (You found it on level 2 of the Dungeon)
 v - a ring of protection from cold
   (You found it on level 3 of the Dungeon)
Wands
 p - a wand of polymorph (7)
   (You found it on level 5 of the Dungeon)
Scrolls
 c - a scroll of immolation {!r!r}
 e - a scroll of magic mapping {!r}
 f - 2 scrolls of enchant armour
 m - a scroll of silence {!r}
 q - a scroll of teleportation {@r4}
Potions
 l - a potion of attraction {!q}
 s - a potion of mutation {!q}

Dungeon Overview and Level Annotations

Branches:
Dungeon (5/15)
 Temple: D:4-7

Annotations:
D:5 1 runed translucent door, Psyclone's ghost, novice GnIE

#.#.# #.#
####.##.# #.####
##########.#
####.##.# #.# ##.
##...#.#
#..†.##.# #.#
..##'.8.#.#
#.#####.###.##
#..#...### #.#
#.##...#
#..#.#...### #.#
#....#.# #.#
#'.8g'.# #.#
####...#
##..#.g.#.#####.#
#####
#.O.#.O.#.))O@..#
#'.8.#########
##...# #####


You could see an ogre.


Message History

The adder misses you. x2
Shoot: t) +2 shortbow (vorpal) {bow}
Press: ? - help, Q - select action, (/) - cycle Shift-Dir - straight line, f/p - adder
Aim: an adder (heavily wounded, 55% to hit)
You shoot an arrow. The arrow closely misses the adder.
The adder bites you. 😕 HP[-1]
You take 1 damage, and now have 52/53 hp.
The gnoll sergeant closely misses you. The adder completely misses you.
The gnoll sergeant attacks as you move away!
The gnoll sergeant closely misses you. The adder attacks as you move away!
The adder barely misses you.
The gnoll sergeant hits you from afar with a +0 trident! 😕 HP[-10]
You take 10 damage, and now have 42/53 hp.
There is an open door here.
The adder closely misses you. x2
The adder attacks as you move away!
The adder completely misses you. 😕 HP[+1]
The adder attacks as you move away! The adder misses you.
The adder bites you. 😕 HP[-1]
You take 1 damage, and now have 42/53 hp.
The adder attacks as you move away! The adder closely misses you.
Okay, then.
Shoot: t) +2 shortbow (vorpal) {bow}
Press: ? - help, Q - select action, (/) - cycle Shift-Dir - straight line, f/p - adder
Aim: an adder (moderately wounded, 55% to hit)
You shoot an arrow. The arrow barely misses the adder.
The arrow hits the orc!
You kill the orc!
The adder misses you. The adder closely misses you.
Shoot: t) +2 shortbow (vorpal) {bow}
Press: ? - help, Q - select action, (/) - cycle Shift-Dir - straight line, f/p - adder
Aim: an adder (moderately wounded, 55% to hit)
You shoot an arrow.
The arrow hits the adder but does no damage.
The adder closely misses you.
The gnoll sergeant hits you from afar with a +0 trident. 😕 HP[-1]
You take 1 damage, and now have 41/53 hp.
Shoot: t) +2 shortbow (vorpal) {bow}
Press: ? - help, Q - select action, (/) - cycle Shift-Dir - straight line, f/p - adder
Aim: an adder (moderately wounded, 55% to hit)
You shoot an arrow. The arrow hits the adder!
You kill the adder!
The gnoll sergeant misses you.
Shoot: t) +2 shortbow (vorpal) {bow}
Press: ? - help, Q - select action, (/) - cycle Shift-Dir - straight line, f - gnoll sergeant
Aim: a gnoll sergeant, wielding a +0 trident, wearing a +0 scale mail and wearing a +0 kite shield (77% to hit)
You shoot an arrow. The arrow hits the gnoll sergeant!
The gnoll sergeant closely misses you.
Shoot: t) +2 shortbow (vorpal) {bow}
Press: ? - help, Q - select action, (/) - cycle Shift-Dir - straight line, f/p - gnoll sergeant
Aim: a gnoll sergeant, wielding a +0 trident, wearing a +0 scale mail and wearing a +0 kite shield (heavily wounded, 77% to hit)
You shoot an arrow. The arrow hits the gnoll sergeant.
The gnoll sergeant completely misses you.
The gnoll sergeant hits you from afar with a +0 trident! 😮 HP[-12]
You take 12 damage, and now have 29/53 hp.
MASSIVE DAMAGE!! (PAUSE) Shoot: t) +2 shortbow (vorpal) {bow}
Press: ? - help, Q - select action, (/) - cycle Shift-Dir - straight line, f/p - gnoll sergeant
Aim: a gnoll sergeant, wielding a +0 trident, wearing a +0 scale mail and wearing a +0 kite shield (severely wounded, 77% to hit)
You shoot an arrow. The gnoll sergeant blocks the arrow.
The gnoll sergeant misses you.
Shoot: t) +2 shortbow (vorpal) {bow}
Press: ? - help, Q - select action, (/) - cycle Shift-Dir - straight line, f/p - gnoll sergeant
Aim: a gnoll sergeant, wielding a +0 trident, wearing a +0 scale mail and wearing a +0 kite shield (severely wounded, 77% to hit)
You shoot an arrow. The arrow hits the gnoll sergeant.
The gnoll sergeant hits you from afar with a +0 trident!
* * * LOW HITPOINT WARNING * * *
😨 HP[-6]
You take 6 damage, and now have 23/53 hp.
Shoot: t) +2 shortbow (vorpal) {bow}
Press: ? - help, Q - select action, (/) - cycle Shift-Dir - straight line, f/p - gnoll sergeant
Aim: a gnoll sergeant, wielding a +0 trident, wearing a +0 scale mail and wearing a +0 kite shield (severely wounded, 77% to hit)
You shoot an arrow.
The arrow barely misses the gnoll sergeant.
The arrow hits the ogre.
The gnoll sergeant closely misses you.
Shoot: t) +2 shortbow (vorpal) {bow}
Press: ? - help, Q - select action, (/) - cycle Shift-Dir - straight line, f/p - gnoll sergeant
Aim: a gnoll sergeant, wielding a +0 trident, wearing a +0 scale mail and wearing a +0 kite shield (severely wounded, 77% to hit)
You shoot an arrow. The arrow hits the gnoll sergeant.
You kill the gnoll sergeant!
Your Dodging skill increases to level 6!
Shoot: t) +2 shortbow (vorpal) {bow}
Press: ? - help, Q - select action, (/) - cycle Shift-Dir - straight line, f - ogre
Aim: an ogre, wielding a +0 giant spiked club (lightly wounded, 80% to hit)
You shoot an arrow. The arrow closely misses the ogre.
The ogre barely misses you.
Okay, then.
Okay, then.
Okay, then.
Shoot: t) +2 shortbow (vorpal) {bow}
Press: ? - help, Q - select action, (/) - cycle Shift-Dir - straight line, f/p - ogre
Aim: an ogre, wielding a +0 giant spiked club (lightly wounded, 80% to hit)
You shoot an arrow. The arrow hits the ogre.
The ogre hits you with a +0 giant spiked club!!
Ouch! That really hurt!
You die...

Skill      XL: |  1  2  3  4  5  6  7 |
---------------+----------------------+-----
Bows           | 4 5 6 |  6.3
Dodging        | 2 3 4 5 6 |  6.0
Necromancy     | 1 |  1.4
Fighting       | |  1.7
Stealth        | |  0.8

Action                   |  1- 3 |  4- 6 |  7- 9 || total
-------------------------+-------+-------+-------++-------
Melee: Unarmed           |    12 |     5 |       ||    17
 Fire: Shortbow          |    98 |    52 |    26 ||   176
Throw: Dart              |       |     3 |       ||     3
  Use: Potion            |     6 |     2 |       ||     8
       Scroll            |       |    10 |     2 ||    12
 Stab: Invisible         |     3 |     3 |       ||     6
Armor: Leather armour    |     4 |       |       ||     4
       Skin              |    29 |     9 |       ||    38
Dodge: Dodged            |    18 |     8 |    27 ||    53

Levels and vault maps discovered:
D:1:      lightli_arrival_chessboard, layout_loops_cross,
          shapermc_ecumenical_altar_venn, minmay_pentomino_u2
D:2:      layout_loops_corners, basic_altar
D:3:      layout_basic, chequers_jeans
D:4:      layout_cave_pools, nicolae_grassy_gnolls, uniq_sigmund
D:5:      minmay_chambers_of_threes, layout_loops_ring,
          ebering_ghost_reflecting_pool, kennysheep_generic_room_11,
          uniq_menkaure

Notes
Turn   | Place    | Note
-------+----------+-------------------------------------------
     0 | D:1      | spaghetti the Demigod Hunter began the quest for the Orb.
     0 | D:1      | Reached XP level 1. HP: 17/17 MP: 3/3
     0 | D:1      | magus.rc [v1.9.6]
    96 | D:1      | Reached skill level 4 in Bows
   109 | D:1      | Reached XP level 2. HP: 24/24 MP: 4/4
   113 | D:1      | You pick up a book of Cantrips and begin reading...
   113 | D:1      | You add the spells Animate Skeleton, Summon Small Mammal
                  | and Apportation to your library.
   944 | D:2      | Reached XP level 3. HP: 29/29 MP: 5/5
  1083 | D:2      | Reached skill level 2 in Dodging
  1713 | D:3      | You pick up a book of Blood and begin reading...
  1713 | D:3      | You add the spells Sublimation of Blood, Wereblood and
                  | Summon Hydra to your library.
  1764 | D:3      | You pick up a book of Death and begin reading...
  1764 | D:3      | You add the spells Animate Dead, Haunt and Infestation to
                  | your library.
  1889 | D:4      | Gained mutation: Armour fits poorly on your strangely
                  | shaped body. [potion of mutation]
  1889 | D:4      | Gained mutation: Your spells are a little harder to cast,
                  | but a little more powerful. [potion of mutation]
  1889 | D:4      | Lost mutation: Your spells are a little harder to cast, but
                  | a little more powerful. [potion of mutation]
  1903 | D:4      | HP: 6/43 [gnoll shaman/+0 whip (5)]
  1905 | D:4      | Reached XP level 4. HP: 8/36 MP: 6/6
  1908 | D:4      | HP: 8/54 [gnoll shaman/+0 whip (1)]
  1909 | D:4      | HP: 2/54 [gnoll shaman/+0 whip (6)]
  1914 | D:4      | Reached skill level 5 in Bows
  1915 | D:4      | Reached skill level 3 in Dodging
  2282 | D:4      | Reached XP level 5. HP: 41/41 MP: 7/7
  2294 | D:4      | You add the spells Ignite Poison, Mephitic Cloud and
                  | Freezing Cloud to your library.
  2315 | D:4      | You pick up a book of Changes and begin reading...
  2315 | D:4      | You add the spells Beastly Appendage and Spider Form to
                  | your library.
  2408 | D:4      | Noticed Sigmund
  2412 | D:4      | Killed Sigmund
  2413 | D:4      | Reached skill level 4 in Dodging
  2413 | D:4      | Reached XP level 6. HP: 48/48 MP: 8/8
  2807 | D:5      | Entered Level 5 of the Dungeon
  2838 | D:5      | Found a runed translucent door.
  2846 | D:5      | Noticed Psyclone's ghost (novice GnIE)
  2849 | D:5      | Noticed Menkaure
  2856 | D:5      | HP: 7/48 [Menkaure (11)]
  2860 | D:5      | Killed Menkaure
  2861 | D:5      | Reached skill level 5 in Dodging
  2863 | D:5      | HP: 7/48 [dart slug/slug dart (2)]
  2973 | D:5      | HP: 11/48 [orc wizard/puff of flame (8)]
  3268 | D:5      | Identified the ring "Evapaobb" {rElec rPois Str-5 Int+7
                  | SInv}
  3308 | D:5      | Reached skill level 6 in Bows
  3321 | D:5      | Learned a level 4 spell: Animate Dead
  3395 | D:5      | You pick up a book of Sloth and begin reading...
  3395 | D:5      | You add the spells Petrify, Metabolic Englaciation and
                  | Statue Form to your library.
  3424 | D:5      | Identified the +0 plate armour of Somewhere Else {rF+ rC+}
  3472 | D:5      | Reached XP level 7. HP: 53/53 MP: 9/9
  3649 | D:5      | Reached skill level 1 in Necromancy
  4282 | D:5      | Reached skill level 6 in Dodging
  4283 | D:5      | Mangled by an ogre

Vanquished Creatures
  Sigmund (D:4)
  Menkaure (D:5)
  A centaur (D:5)
  A phantom (D:5)
  A gnoll sergeant (D:5)
  An orc priest (D:5)
  2 hounds
  A gnoll shaman (D:4)
  An iguana (D:5)
  3 orc wizards (D:5)
  3 gnolls (D:4)
  3 adders
  2 worms (D:2)
  4 dart slugs
  5 orcs
  A bat (D:2)
  8 endoplasms
  2 giant cockroaches
  5 goblins
  5 hobgoblins
  2 jackals (D:1)
  4 quokkas
  5 ball pythons
  A frilled lizard (D:1)
  3 kobolds
  5 rats
71 creatures vanquished.

Vanquished Creatures (others)
  6 plants (D:4)
6 creatures vanquished.

Grand Total: 77 creatures vanquished

Table legend:
 A = Non-vault XP
 B = Vault XP
 C = Vault XP percentage of total XP
 D = Non-vault monster count
 E = Vault monster count
 F = Vault count percentage of total count
                 A         B        C        D         E       F
            +---------+---------+-------+---------+---------+-------
      Total |     450 |     738 |  62.1 |      59 |      12 |  16.9
            +---------+---------+-------+---------+---------+-------
        D:1 |      36 |       1 |   2.7 |      21 |       1 |   4.5
        D:2 |      44 |       0 |   0.0 |      14 |       0 |   0.0
        D:3 |       3 |       0 |   0.0 |       2 |       0 |   0.0
        D:4 |      83 |     307 |  78.7 |      13 |       5 |  27.8
        D:5 |     284 |     430 |  60.2 |       9 |       6 |  40.0
            +---------+---------+-------+---------+---------+-------

Illustrated notes

Table legend:
 A = Kills in this place as a percentage of kills in entire the game.
 B = Kills by you in this place as a percentage of kills by you in the entire game.
 C = Kills by friends in this place as a percentage of kills by friends in the entire game.
 D = Other kills in this place as a percentage of other kills in the entire game.
 E = Experience gained in this place as a percentage of experience gained in the entire game.
 F = Experience gained in this place divided by the number of levels of this place that you have seen.
                   A       B       C       D       E      F
               +-------+-------+-------+-------+-------+----------------------
         Total | 100.0 | 100.0 |   N/A |   N/A | 100.0 | 237.6
       Dungeon | 100.0 | 100.0 |   N/A |   N/A | 100.0 | 237.6
               +-------+-------+-------+-------+-------+----------------------

Table legend: (Time is in decaauts)
 A = Elapsed time spent in this place.
 B = Non-inter-level travel time spent in this place.
 C = Inter-level travel time spent in this place.
 D = Time resting spent in this place.
 E = Time spent auto-exploring this place.
 F = Levels seen in this place.
 G = Mean time per level.
                   A        B        C        D        E       F      G
               +--------+--------+--------+--------+--------+-----+--------+
         Total |   4331 |   4223 |    108 |    739 |   3031 |   5 |  866.2 |
       Dungeon |   4331 |   4223 |    108 |    739 |   3031 |   5 |  866.2 |
               +--------+--------+--------+--------+--------+-----+--------+

Top non-repeatable levels by time:
     D:5: 1487 daAuts
     D:4: 998 daAuts
     D:2: 848 daAuts
     D:1: 739 daAuts
     D:3: 256 daAuts
